 Dungeon Crawl Stone Soup version 0.30.1-4-g462c640d31 (webtiles) character file.

Game seed: 1685394131342633799

9461 Almogavar the Fighter (level 11, -5/89 HPs)
             Began as a Gnoll Wanderer on Sept 7, 2023.
             Was a Priest of Nemelex Xobeh.
             Killed from afar by a gargoyle (15 damage)
             ... with a stone arrow
             ... on level 9 of the Dungeon.
             The game lasted 00:57:58 (12856 turns).

Almogavar the Fighter (Gnoll Wanderer)             Turns: 12856, Time: 00:57:58

Health: -5/89      AC: 12    Str: 16    XL:     11   Next: 46%
Magic:  19/21      EV: 14    Int: 16    God:    Nemelex Xobeh [***...]
Gold:   619        SH:  0    Dex: 13    Spells: 18/24 levels left

rFire   . . .        O - +4 falchion
rCold   . . .        (no shield)
rNeg    . . .        B - +0 acid dragon scales
rPois   .            a - +1 hat {SInv}
rElec   .            b - +0 cloak
rCorr   +            e - +0 pair of gloves
SInv    +            I - +0 pair of boots
Will    .....        (no amulet)
Stlth   +++          G - +6 ring of strength
HPRegen 0.34/turn    d - ring of see invisible
MPRegen 0.17/turn

%: no passive effects
@: studying Staves
A: fangs 1, strong nose, distributed training
a: Renounce Religion, Draw Escape, Draw Destruction, Draw Summoning, Triple Draw


You were on level 9 of the Dungeon.
You worshipped Nemelex Xobeh.
Nemelex Xobeh was most pleased with you.
You visited 1 branch of the dungeon, and saw 10 of its levels.

You collected 619 gold pieces.

Inventory:

Hand Weapons
 v - a +2 dagger of draining
 D - a +0 sling
 O - a +4 falchion (weapon)
Missiles
 E - 9 boomerangs
 F - 15 poisoned darts (quivered)
Armour
 a - a +1 hat of see invisible (worn)
 b - a +0 cloak (worn)
 e - a +0 pair of gloves (worn)
 i - a +0 scale mail
 B - +0 acid dragon scales (worn)
 I - a +0 pair of boots (worn)
 K - a +1 leather armour of fire resistance
 L - a +2 robe of cold resistance
 S - a +1 helmet of see invisible
Magical Staves
 y - a staff of cold
 J - a staff of fire
 N - a staff of death
Jewellery
 d - a ring of see invisible (right hand)
 G - a +6 ring of strength (left hand)
 P - a ring of flight
Wands
 n - a wand of iceblast (13)
 p - a wand of quicksilver (1)
 s - a wand of digging (5)
 w - a wand of paralysis (9)
 M - a wand of flame (17)
Scrolls
 g - a scroll of enchant armour
 j - 2 scrolls of fog
 k - a scroll of enchant weapon
 o - a scroll of magic mapping
 q - a scroll of amnesia
 r - a scroll of blinking
 A - a scroll of vulnerability {unknown}
 H - a scroll of acquirement {unknown}
 Q - a scroll of teleportation
 R - a scroll of poison {unknown}
Potions
 c - 2 potions of lignification
 h - a potion of heal wounds
 l - a potion of brilliance
 m - 3 potions of ambrosia
 t - a potion of haste
 u - 2 potions of degeneration {unknown}
 x - a potion of mutation {unknown}
 z - 2 potions of flight {unknown}
 C - a potion of cancellation {unknown}


   Skills:
 + Level 9.3 Fighting
 + Level 7.1 Short Blades
 + Level 6.5 Long Blades
 + Level 6.5 Axes
 + Level 6.5 Maces & Flails
 + Level 6.5 Polearms
 + Level 9.0 Staves
 + Level 6.5 Ranged Weapons
 + Level 6.5 Throwing
 + Level 6.5 Armour
 + Level 7.1 Dodging
 + Level 7.0 Stealth
 + Level 6.5 Shields
 + Level 6.5 Unarmed Combat
 + Level 7.2 Spellcasting
 + Level 5.4 Conjurations
 + Level 5.4 Hexes
 + Level 7.8 Summonings
 + Level 5.4 Necromancy
 + Level 5.4 Translocations
 + Level 5.4 Transmutations
 + Level 5.4 Fire Magic
 + Level 5.4 Ice Magic
 + Level 5.4 Air Magic
 + Level 5.4 Earth Magic
 + Level 5.4 Poison Magic
 + Level 7.2 Invocations
 + Level 6.5 Evocations


You had 18 spell levels left.
You knew the following spells:

 Your Spells              Type           Power      Damage    Failure   Level
a - Summon Small Mammal   Summ           100%       N/A       1%          1
b - Blink                 Tloc           46%        N/A       2%          2
c - Summon Guardian Gole  Hex/Summ       27%        N/A       3%          3

Your spell library contained the following spells:

 Spells                   Type           Power      Damage    Failure   Level
 Slow                     Hex            92%        N/A       1%          1
 Lesser Beckoning         Tloc           46%        N/A       2%          2
 Momentum Strike          Conj/Tloc      46%        3d9       2%          2
 Static Discharge         Conj/Air       46%        2-4/arc   2%          2
 Confusing Touch          Hex            23%        N/A       4%          3
 Gell's Gravitas          Tloc           23%        N/A       4%          3
 Inner Flame              Hex/Fire       23%        N/A       4%          3
 Teleport Other           Tloc           23%        N/A       4%          3
 Vampiric Draining        Necr           23%        2d7       4%          3
 Animate Armour           Summ/Erth      54%        N/A       11%         4
 Summon Lightning Spire   Summ/Air       27%        N/A       11%         4
 Airstrike                Air            11%        2d(2-18)  17%         4
 Yara's Violent Unravell  Hex/Tmut       11%        3d6       43%         5
 Dispersal                Tloc           11%        N/A       95%         6
 Enfeeble                 Hex            11%        N/A       100%        7


Dungeon Overview and Level Annotations

Branches:
Dungeon (10/15)            Temple (0/1) D:4             Orc (0/2) D:9
   Lair: D:8-11

Altars:
Kikubaaqudgha
Nemelex Xobeh
Trog

Shops:
D:1 ?*!


Innate Abilities, Weirdness & Mutations

You have very sharp teeth.
Your uncanny sense of smell can sniff out nearby items.
Your experience applies equally to all skills.


Message History

Your quokka's corpse disappears in a puff of smoke!
Casting: Summon Small Mammal (safe; 1% risk of failure)
Confirm with . or Enter, or press ? or * to list all spells.
The gargoyle hits your rat with a +0 mace!!
Your rat dies!
Your rat's corpse disappears in a puff of smoke!
The gargoyle hurls a stone arrow at you.
The stone arrow misses you.
You hit the gargoyle.
The gargoyle is moderately damaged.
The gargoyle hits you with a +0 mace!
You hit the gargoyle but do no damage.
You punch the gargoyle, but do no damage.
The gargoyle is moderately damaged.
The gargoyle hits you with a +0 mace!
You hit the gargoyle.
You bite the gargoyle, but do no damage.
The gargoyle is moderately damaged.
The gargoyle hits you with a +0 mace!
You hit the gargoyle but do no damage.
You bite the gargoyle, but do no damage.
The gargoyle is moderately damaged.
The gargoyle hits you with a +0 mace.
* * * LOW HITPOINT WARNING * * *
Okay, then.
You closely miss the gargoyle.
You bite the gargoyle, but do no damage.
The gargoyle is moderately damaged.
The gargoyle hits you with a +0 mace.
* * * LOW HITPOINT WARNING * * *
You barely miss the gargoyle.
The gargoyle is moderately damaged.
The gargoyle hits you with a +0 mace!
* * * LOW HITPOINT WARNING * * *
You hit the gargoyle but do no damage.
The gargoyle is moderately damaged.
The gargoyle hurls a stone arrow at you.
The stone arrow hits you!
You die...
Your body disappears without a glow.

#.###.....####..# ##...#
........).......####...##########
######.########......#...........
######.# ######...##########
....##.# ##.## ###.##.# #<#
###.##.# #.# ....##.############
#.# ##...)#...>)..99@.# #.#
##.##.##########.# #.# ##.##.#
#.# #.# ## ##...#.# ##.###.#####
#. ...#...# #..........# #.
##>ยง.### #..........# #. ###.##
#..........# #. ....#
####.......# #. ##### #.......#
#.


You could see a gargoyle (ally target) and a friendly guardian golem (summoned).

Vanquished Creatures
  Pikel (D:7)
  A shadow (D:9)
  A wraith (D:9)
  3 yaks (D:9)
  A steam dragon (D:9)
  Menkaure (D:6)
  3 water moccasins (D:7)
  An ice beast (D:7)
  2 orc warriors
  2 sky beasts
  2 black bears
  A centaur (D:9)
  A phantom (D:6)
  2 kobold brigands
  2 bullfrogs (D:9)
  A gnoll sergeant (D:7)
  5 scorpions
  3 wights
  9 killer bees
  2 howler monkeys
  4 jellies
  6 hounds
  4 orc priests
  3 sleepcaps
  3 iguanas
  9 orc wizards
  8 adders
  5 gnolls
  A worm (D:7)
  The ghost of mmigdal the Sneak, a weakling DrDe (D:3)
  A dart slug (D:2)
  29 orcs
  7 endoplasms
  3 giant cockroaches
  5 goblins
  7 hobgoblins
  6 jackals
  4 quokkas
  3 ball pythons
  A bat (D:1)
  A frilled lizard (D:3)
  20 kobolds
  3 rats
178 creatures vanquished.

Vanquished Creatures (collateral kills)
  An ice beast (D:6)
  A hound (D:5)
  A jelly (D:4)
  An orc wizard (D:6)
  A gnoll (D:7)
  An adder (D:6)
  A worm (D:2)
  4 orcs
  An endoplasm (D:1)
  A giant cockroach (D:2)
  A goblin (D:1)
  2 hobgoblins
  A jackal (D:2)
  A quokka (D:2)
  A frilled lizard (D:2)
  2 kobolds
  A rat (D:2)
22 creatures vanquished.

Vanquished Creatures (others)
  Gastronok (D:8)
  Maurice (D:9)
  Joseph (D:7)
  A troll (D:6)
  6 yaks (D:9)
  2 vampire mosquitoes (D:8)
  An acid dragon (D:9)
  6 orc warriors
  An ice beast (D:6)
  An ogre (D:6)
  2 lemures (D:7)
  A bullfrog (D:9)
  A killer bee (D:9)
  8 wights
  A hound (D:7)
  An orc priest (D:7)
  2 gnoll boudas
  A sleepcap (D:8)
  2 orc wizards
  2 gnolls
  5 orcs
  A hobgoblin (D:3)
  A kobold (D:6)
49 creatures vanquished.

Grand Total: 249 creatures vanquished

Notes
Turn   | Place    | Note
-------+----------+-------------------------------------------
     0 | D:1      | Almogavar the Gnoll Wanderer began the quest for the Orb.
     0 | D:1      | Almogavar set off with the following items: a +0 short
                  | sword, a +0 cloak, a potion of lignification, a +0 robe;
                  | and the following spell memorised: Summon Small Mammal; and
                  | the following spells available to memorise: Summon Guardian
                  | Golem, Animate Armour.
     0 | D:1      | Reached XP level 1. HP: 23/23 MP: 4/4
    54 | D:1      | Found Rul Meu's Magic Scroll Boutique.
    90 | D:1      | Found Pihud's General Store.
   200 | D:1      | Found Biloen's Distillery.
   223 | D:1      | Reached XP level 2. HP: 28/29 MP: 5/5
   515 | D:1      | You fall into a shaft and drop 1 floor!
   950 | D:2      | Reached XP level 3. HP: 30/35 MP: 5/7
  1181 | D:2      | Found a sparkling altar of Nemelex Xobeh.
  1186 | D:2      | Became a worshipper of Nemelex Xobeh the Trickster
  1250 | D:2      | Reached skill level 1 in Invocations
  1347 | D:2      | Reached skill level 1 in Long Blades
  1347 | D:2      | Reached skill level 1 in Axes
  1347 | D:2      | Reached skill level 1 in Maces & Flails
  1347 | D:2      | Reached skill level 1 in Polearms
  1347 | D:2      | Reached skill level 1 in Staves
  1347 | D:2      | Reached skill level 1 in Ranged Weapons
  1347 | D:2      | Reached skill level 1 in Throwing
  1347 | D:2      | Reached skill level 1 in Armour
  1347 | D:2      | Reached skill level 1 in Shields
  1347 | D:2      | Reached skill level 1 in Unarmed Combat
  1347 | D:2      | Reached skill level 1 in Evocations
  2018 | D:3      | Noticed mmigdal's ghost (weakling DrDe)
  2019 | D:3      | Found a runed translucent door.
  2139 | D:3      | Reached XP level 4. HP: 41/41 MP: 8/8
  2198 | D:3      | Reached * piety under Nemelex Xobeh
  2619 | D:3      | Killed mmigdal's ghost
  2966 | D:4      | Found a staircase to the Ecumenical Temple.
  2970 | D:4      | Reached skill level 1 in Conjurations
  2970 | D:4      | Reached skill level 1 in Hexes
  2970 | D:4      | Reached skill level 1 in Necromancy
  2970 | D:4      | Reached skill level 1 in Translocations
  2970 | D:4      | Reached skill level 1 in Transmutations
  2970 | D:4      | Reached skill level 1 in Fire Magic
  2970 | D:4      | Reached skill level 1 in Ice Magic
  2970 | D:4      | Reached skill level 1 in Air Magic
  2970 | D:4      | Reached skill level 1 in Earth Magic
  2970 | D:4      | Reached skill level 1 in Poison Magic
  3152 | D:4      | Reached XP level 5. HP: 47/47 MP: 9/9
  3328 | D:4      | Learned a level 2 spell: Blink
  3470 | D:5      | Entered Level 5 of the Dungeon
  3551 | D:5      | Reached XP level 6. HP: 38/53 MP: 7/11
  3948 | D:5      | Reached XP level 7. HP: 45/60 MP: 9/12
  4077 | D:5      | Received a gift from Nemelex Xobeh
  4715 | D:6      | Reached XP level 8. HP: 38/67 MP: 14/14
  4840 | D:6      | Noticed Menkaure
  4857 | D:6      | Killed Menkaure
  5119 | D:6      | Learned a level 3 spell: Summon Guardian Golem
  5177 | D:6      | Reached ** piety under Nemelex Xobeh
  5994 | D:6      | Reached skill level 5 in Staves
  6145 | D:6      | Reached XP level 9. HP: 73/73 MP: 16/16
  6159 | D:6      | Reached skill level 5 in Spellcasting
  6163 | D:6      | Noticed a troll
  6180 | D:6      | Killed a troll
  6181 | D:6      | Reached skill level 5 in Short Blades
  6181 | D:6      | Reached skill level 5 in Dodging
  6470 | D:7      | Reached skill level 5 in Stealth
  6720 | D:6      | Reached skill level 5 in Invocations
  7369 | D:7      | Noticed Joseph
  7404 | D:7      | Killed Joseph
  7405 | D:7      | Reached skill level 5 in Long Blades
  7405 | D:7      | Reached skill level 5 in Axes
  7405 | D:7      | Reached skill level 5 in Maces & Flails
  7405 | D:7      | Reached skill level 5 in Polearms
  7405 | D:7      | Reached skill level 5 in Ranged Weapons
  7405 | D:7      | Reached skill level 5 in Throwing
  7405 | D:7      | Reached skill level 5 in Armour
  7405 | D:7      | Reached skill level 5 in Shields
  7405 | D:7      | Reached skill level 5 in Unarmed Combat
  7405 | D:7      | Reached skill level 5 in Evocations
  7405 | D:7      | Reached XP level 10. HP: 46/81 MP: 13/18
  7603 | D:7      | Noticed Pikel
  7654 | D:7      | Killed Pikel
  8306 | D:7      | Received a gift from Nemelex Xobeh
  8372 | D:7      | Found an ancient bone altar of Kikubaaqudgha.
  8382 | D:7      | Found a bloodstained altar of Trog.
  9530 | D:8      | Noticed Gastronok
  9561 | D:8      | Killed Gastronok
  9964 | D:8      | Reached *** piety under Nemelex Xobeh
 10170 | D:9      | Reached skill level 5 in Conjurations
 10170 | D:9      | Reached skill level 5 in Hexes
 10170 | D:9      | Reached skill level 5 in Necromancy
 10170 | D:9      | Reached skill level 5 in Translocations
 10170 | D:9      | Reached skill level 5 in Transmutations
 10170 | D:9      | Reached skill level 5 in Fire Magic
 10170 | D:9      | Reached skill level 5 in Ice Magic
 10170 | D:9      | Reached skill level 5 in Air Magic
 10170 | D:9      | Reached skill level 5 in Earth Magic
 10170 | D:9      | Reached skill level 5 in Poison Magic
 10170 | D:9      | Reached XP level 11. HP: 89/89 MP: 18/21
 10591 | D:9      | Received a gift from Nemelex Xobeh
 11670 | D:9      | Found a staircase to the Orcish Mines.
 11853 | D:9      | Noticed Maurice
 12463 | D:9      | Killed Maurice
 12791 | D:10     | Entered Level 10 of the Dungeon
 12856 | D:9      | Killed from afar by a gargoyle

Illustrated notes

Levels and vault maps discovered:
D:1:      minmay_arrival_cross, layout_basic, serial_shops, shop,
          nicolae_shop_hallway_stairs, nicolae_shop_back_alley_shop,
          nicolae_shop_trees, st_stairs_5, minmay_distorted
D:2:      layout_loops_corners, basic_altar, dreamdust_princess_bridge,
          grunt_ministairs_10, small_statue_intersection,
          roderic_serpentine_path, minivault_4
D:3:      layout_basic, hellmonk_ghost_happy_afterlife, chequers_arboretum,
          grunt_ministairs_5, lemuel_flame_loot_1
D:4:      layout_cave_pools, minmay_temple_entry_large_hall,
          small_statue_intersection
D:5:      layout_loops_cross, minmay_manual_monstrance
D:6:      layout_basic, uniq_menkaure
D:7:      layout_layer_cave, jmf_multi_god_temple, enter_bailey_2, st_stairs_5,
          uniq_pikel, uniq_joseph
D:8:      layout_basic, uniq_gastronok
D:9:      layout_loops_ring, david_orc_4, uniq_maurice
D:10:     layout_rooms, nicolae_hexahallways, hangedman_decor_slide_cut

Skill      XL: |  1  2  3  4  5  6  7  8  9 10 11 |
---------------+----------------------------------+-----
Invocations    | 1 2 3 4 5 6 7 |  7.2
Long Blades    | 1 2 3 5 6 |  6.5
Axes           | 1 2 3 5 6 |  6.5
Maces & Flails | 1 2 3 5 6 |  6.5
Polearms       | 1 2 3 5 6 |  6.5
Staves         | 1 2 3 5 6 8 9 |  9.0
Ranged Weapons | 1 2 3 5 6 |  6.5
Throwing       | 1 2 3 5 6 |  6.5
Armour         | 1 2 3 5 6 |  6.5
Shields        | 1 2 3 5 6 |  6.5
Unarmed Combat | 1 2 3 5 6 |  6.5
Evocations     | 1 2 3 5 6 |  6.5
Spellcasting   | 3 4 5 6 7 |  7.2
Conjurations   | 1 2 3 4 5 |  5.4
Hexes          | 1 2 3 4 5 |  5.4
Necromancy     | 1 2 3 4 5 |  5.4
Translocations | 1 2 3 4 5 |  5.4
Transmutations | 1 2 3 4 5 |  5.4
Fire Magic     | 1 2 3 4 5 |  5.4
Ice Magic      | 1 2 3 4 5 |  5.4
Air Magic      | 1 2 3 4 5 |  5.4
Earth Magic    | 1 2 3 4 5 |  5.4
Poison Magic   | 1 2 3 4 5 |  5.4
Short Blades   | 3 4 5 6 7 |  7.1
Dodging        | 3 4 5 6 7 |  7.1
Stealth        | 3 4 5 6 7 |  7.0
Fighting       | 7 8 9 |  9.3
Summonings     | 6 7 |  7.8

Action                     |  1- 3 |  4- 6 |  7- 9 | 10-12 || total
---------------------------+-------+-------+-------+-------++-------
  Melee: Short sword       |   166 |    31 |       |       ||   197
         Bite              |    18 |    16 |    36 |    34 ||   104
         Punch             |     5 |     1 |    13 |    20 ||    39
         Dagger            |       |   106 |   342 |   168 ||   616
         Falchion          |       |       |       |   152 ||   152
   Fire: Sling             |       |       |       |   131 ||   131
  Throw: Boomerang         |       |       |     5 |       ||     5
         Dart              |       |       |       |    21 ||    21
   Cast: Summon Small Mamm |    18 |    36 |    39 |    36 ||   129
         Summon Guardian G |       |       |    12 |    32 ||    44
         Blink             |       |       |     1 |       ||     1
 Invoke: Draw Destruction  |       |       |     1 |     1 ||     2
         Draw Escape       |       |       |       |     1 ||     1
  Evoke: Wand              |       |       |     1 |       ||     1
    Use: Scroll            |     5 |     3 |     5 |     8 ||    21
         Potion            |       |       |     2 |     4 ||     6
   Stab: Sleeping          |     4 |     5 |     2 |     1 ||    12
         Distracted        |       |     1 |     1 |     1 ||     3
 Armour: Robe              |    51 |    44 |    32 |       ||   127
         Ring mail         |       |       |   146 |    61 ||   207
         Skin              |       |       |    16 |       ||    16
         Acid dragon scale |       |       |       |    73 ||    73
         Leather armour    |       |       |       |    11 ||    11
  Dodge: Dodged            |   122 |    76 |   237 |   236 ||   671
